 Dungeon Crawl Stone Soup version 0.23.2-1-ga50397a (webtiles) character file.

Game seed: 8440805242201013675

41939 qweet the Martial Artist (level 14, 0/114 HPs)
             Began as an Octopode Transmuter on June 2, 2019.
             Was a High Priest of Okawaru.
             Shot with an arrow by a centaur warrior (17 damage)
             ... on level 14 of the Dungeon.
             The game lasted 01:13:55 (21103 turns).

qweet the Martial Artist (Octopode Transmuter)     Turns: 21103, Time: 01:13:56

Health: 0/114      AC: 12    Str: 11    XL:     14   Next: 17%
Magic:  22/26      EV: 18    Int: 15    God:    Okawaru [*****.]
Gold:   1068       SH:  2    Dex: 17    Spells: 12/29 levels left

rFire    . . .     SeeInvis .     - Unarmed
rCold    + + +     Gourm    .   (shield currently unavailable)
rNeg     + . .     Faith    .   (helmet currently unavailable)
rPois    +         Spirit   .   H - +2 amulet of reflection
rElec    .         Reflect  +   d - +5 ring of protection
rCorr    .         Harm     .   o - ring of positive energy
MR       +....                  s - ring of stealth
Stlth    ++++......             w - ring of protection from cold
HPRegen  0.29/turn              A - ring of protection from fire
MPRegen  0.20/turn              C - +3 ring of strength
                                (no ring)
                                (no ring)

@: ice-form, heroism, berserk cooldown, slowed, very slow
A: large, almost no armour, stealthy swim, amphibious, 8 rings, (constrict 8),
weak 1, MP-powered wands
a: End Transformation, Heroism, Finesse, Renounce Religion


You were on level 14 of the Dungeon.
You worshipped Okawaru.
Okawaru was extremely pleased with you.
You were not hungry.
You were a creature of crystalline ice.
You visited 2 branches of the dungeon, and saw 15 of its levels.
You also visited: Gauntlet.

You collected 1068 gold pieces.

Inventory:

Hand Weapons
 i - a +1 short sword of venom
Missiles
 a - 514 arrows
 l - 6 javelins
 n - 19 tomahawks (quivered)
 D - 5 javelins of penetration
 G - a throwing net
Armour
 p - a +1 shield
 N - the +3 warlock's mirror (melded) {reflect}
   (You found it on level 10 of the Dungeon)
 O - a +2 hat of magic resistance (melded)
Jewellery
 d - a +5 ring of protection (left front paw)
 o - a ring of positive energy (right front paw)
 q - the amulet of Wihala {Acrobat Str+3}
   (You found it on level 5 of the Dungeon)

   [amulet of the acrobat]

   It helps you evade while moving and waiting.
   It affects your strength (+3).
 s - a ring of stealth (on tentacle)
 w - a ring of protection from cold (on tentacle)
 x - an uncursed ring of ice
 A - a ring of protection from fire (on tentacle)
 C - a +3 ring of strength (on tentacle)
 H - a +2 amulet of reflection (around neck)
Wands
 m - a wand of random effects (46)
 E - a wand of scattershot (6)
 F - a wand of paralysis (9)
 J - a wand of enslavement (8)
 K - a wand of polymorph (8)
Scrolls
 b - a scroll of magic mapping
 e - 5 scrolls of teleportation
 g - a scroll of immolation {unknown}
 h - a scroll of fog {unknown}
 k - 4 scrolls of random uselessness
 t - 2 scrolls of enchant weapon {unknown}
 v - a scroll of vulnerability {unknown}
 y - 2 scrolls of remove curse {unknown}
 P - a scroll of noise {unknown}
Potions
 f - 9 potions of curing
 r - a potion of cancellation
 u - a potion of haste
 z - a potion of ambrosia
 B - a potion of magic
 I - 2 potions of invisibility
 L - a potion of brilliance
 M - 2 potions of might
 R - a potion of agility {unknown}
Comestibles
 c - 16 rations


   Skills:
 * Level 8.9(13.9) Fighting
 + Level 6.5(11.5) Dodging
 - Level 0.1(5.1) Stealth
 - Level 4.0(9.0) Shields
 + Level 14.2(19.2) Unarmed Combat
 * Level 8.4 Spellcasting
 * Level 1.7 Charms
 * Level 9.3 Transmutations
 * Level 6.5 Ice Magic
 * Level 1.8 Air Magic
 - Level 4.2 Poison Magic
 - Level 6.1 Invocations


You had 12 spell levels left.
You knew the following spells:

 Your Spells              Type           Power        Failure   Level  Hunger
a - Beastly Appendage     Tmut           ####..       1%          1    None
b - Sticks to Snakes      Tmut           ####....     1%          2    None
c - Spider Form           Tmut/Pois      ####......   2%          3    ##.....
d - Blade Hands           Tmut           ####......   7%          5    #####..
e - Ice Form              Ice/Tmut       ####....     4%          4    ####...
f - Swiftness             Chrm/Air       ##......     9%          2    None

Your spell library contained the following spells:

 Spells                   Type           Power        Failure   Level  Hunger
 Shock                    Conj/Air       #...         8%          1    None
 Static Discharge         Conj/Air       #.......     24%         3    ##.....
 Airstrike                Air            ##........   47%         4    ####...
 Lightning Bolt           Conj/Air       #.........   91%         5    #####..
 Death Channel            Necr           #.........   100%        6    #######
 Tornado                  Air            ##........   100%        9    #######


Dungeon Overview and Level Annotations

Branches:
Dungeon (14/15)            Temple (1/1) D:6            Lair (0/6) D:9
    Orc (0/2) D:12
 Vaults: D:13-14

Altars:
Ashenzari
Cheibriados
Dithmenos
Elyvilon
Fedhas
Gozag
Hepliaklqana
Kikubaaqudgha
Makhleb
Nemelex Xobeh
Okawaru
Qazlal
Ru
Sif Muna
Trog
Uskayaw
Vehumet
Wu Jian
Xom
Yredelemnul
Zin
The Shining One

Shops:
D:5 (   D:7 }   D:8 (

Portals:
Trove: D:14 (give 7 potions of agility)

Annotations:
D:4 3 runed translucent doors, exclusion: downstairs, ThisFiasco's ghost, amateur SpEn
D:5 1 exclusion
D:7 exclusion: downstairs
D:10 1 runed translucent door, exclusion: downstairs, RadicalHijinx's ghost, novice VSAs
D:11 1 runed translucent door, exclusion: 2 downstairs, RoseComp's ghost, journeyman KoGl
D:12 exclusion: downstairs


Innate Abilities, Weirdness & Mutations

You cannot wear most types of armour.
You are very stealthy in the water. (Stealth+)
You are amphibious.
You can wear up to eight rings at the same time.
((You can use your tentacles to constrict eight enemies at once.))
((Your skin blends seamlessly with your surroundings (Stealth++).))
((Your rubbery body absorbs attacks. (AC +1, EV +1)))
((You have very sharp teeth.))
You are weak. (Str -2)
You expend magic power (3 MP) to strengthen your wands.


Message History

You feel yourself slow down.
You punch the centaur warrior! You freeze the centaur warrior.
The centaur warrior is lightly wounded.
The gargoyle closely misses you. The centaur warrior hits you.
You barely miss the centaur warrior.
The centaur warrior is lightly wounded.
The centaur warrior closely misses you. The gargoyle misses you.
The centaur warrior misses you.
You hit the centaur warrior. You freeze the centaur warrior.
The centaur warrior is moderately wounded.
The centaur warrior hits you!
* * * LOW HITPOINT WARNING * * *
The gargoyle hits you with a +0 mace!
* * * LOW HITPOINT WARNING * * *
You feel better.
The centaur warrior hits you but does no damage. x2
The gargoyle barely misses you.
The centaur warrior wields a +0 shortbow.
The centaur warrior shoots an arrow.
The arrow hits you!
You die...

...# #.'''.# ##.#
#.'∩'.#.# #.######
#p'''.#.# #......#
#.....#.#
#..###.######p###.#
#..#.....(....# #.#
#..#.#.######## #.######
#......##########.......
#.##.....(....)Y..#
##.##############9c#####
...# #............ ...#
.c..(.##..######. ...#
.#### #.)# #..# #....
#..# #..### ##..# #..#
##..# #.u#


You could see a centaur warrior and a gargoyle.

Vanquished Creatures
  Gastronok (D:8)
  Kirke (D:14)
  A hydra (D:13)
  A catoblepas (D:13)
  3 two-headed ogres (D:13)
  Nergalle (D:10)
  4 skeletal warriors (D:11)
  An unseen horror (D:12)
  5 wizards (D:10)
  A wolf spider zombie (D:14)
  11 ugly things
  A cyclops (D:12)
  2 manticores
  A torpor snail (Gauntlet)
  4 gargoyles
  A smoke demon (Gauntlet)
  Joseph (D:8)
  2 kobold demonologists (D:11)
  5 centaur skeletons
  An ice devil (Gauntlet)
  A merfolk (D:9)
  A troll (D:12)
  A red devil (Gauntlet)
  8 slime creatures
  A meliai zombie (D:13)
  3 hippogriffs
  6 flying skulls (Gauntlet)
  28 yaks
  A wyvern (D:10)
  A basilisk (shapeshifter) (D:13)
  A hog (shapeshifter) (D:13)
  Grum (D:8)
  A steam dragon (D:13)
  3 hogs (D:14)
  A basilisk (D:12)
  A hungry ghost (D:11)
  A water moccasin (D:13)
  A swamp drake (D:12)
  8 orc warriors
  2 hornet zombies
  6 phantoms
  A black bear (D:7)
  6 ice beasts
  2 sky beasts
  7 ogres
  A necrophage (D:10)
  18 centaurs
  4 wolves (D:8)
  A crocodile (D:11)
  5 big kobolds
  8 bullfrogs
  A wyvern skeleton (D:10)
  13 killer bees
  6 scorpions
  A water moccasin skeleton (D:4)
  11 wights
  3 howler monkeys
  10 crimson imps
  3 bullfrog zombies
  3 centaur zombies
  18 orc priests
  7 hounds
  2 jellies
  A quasit (D:7)
  21 orc wizards
  3 bullfrog skeletons
  7 iguanas
  13 worker ants
  A hound zombie (D:6)
  3 hound skeletons
  Robin (D:4)
  3 worker ant zombies
  3 gnolls (D:8)
  6 adders
  4 shadow imps
  2 white imps (Gauntlet)
  2 adder zombies
  6 worms
  4 dart slugs
  3 leopard geckos
  68 orcs
  8 giant cockroaches
  16 goblins
  7 hobgoblins
  15 jackals
  2 quokkas
  7 bats
  6 frilled lizards
  A jackal zombie (D:7)
  17 kobolds
  A quokka skeleton (D:5)
  A quokka zombie (D:8)
  9 rats
497 creatures vanquished.

Vanquished Creatures (collateral kills)
  An orc (D:12)
1 creature vanquished.

Vanquished Creatures (others)
  A human (D:14)
  A fungus (D:10)
  2 plants (D:10)
4 creatures vanquished.

Grand Total: 502 creatures vanquished

Notes
Turn   | Place    | Note
-------+----------+-------------------------------------------
     0 | D:1      | qweet the Octopode Transmuter began the quest for the Orb.
     0 | D:1      | Reached XP level 1. HP: 13/13 MP: 3/3
    64 | D:1      | Reached XP level 2. HP: 17/18 MP: 5/5
   532 | D:1      | Learned a level 2 spell: Sticks to Snakes
  1140 | D:2      | Reached XP level 3. HP: 23/23 MP: 6/6
  1145 | D:2      | Learned a level 3 spell: Spider Form
  1668 | D:2      | Found a shimmering altar of Xom.
  1671 | D:2      | Found a hide-covered altar of Uskayaw.
  1673 | D:2      | Found a snail-covered altar of Cheibriados.
  1736 | D:2      | Found a stormy altar of Qazlal.
  1810 | D:2      | Reached XP level 4. HP: 28/28 MP: 7/7
  1829 | D:2      | Found a white marble altar of Elyvilon.
  2021 | D:3      | Reached skill level 1 in Poison Magic
  2205 | D:3      | Reached skill level 4 in Unarmed Combat
  2240 | D:3      | Reached XP level 5. HP: 33/33 MP: 9/9
  2251 | D:3      | Found a sparkling altar of Nemelex Xobeh.
  2919 | D:3      | Reached XP level 6. HP: 34/38 MP: 10/10
  3234 | D:3      | Found a faded altar of an unknown god.
  3777 | D:4      | Noticed Robin
  3794 | D:4      | Killed Robin
  4597 | D:4      | Found a runed translucent gate.
  4597 | D:4      | Found a runed translucent gate.
  4597 | D:4      | Found a runed translucent gate.
  4598 | D:4      | Identified the +9 dagger "Hydraslayer" {chaos, MR+}
  4598 | D:4      | Noticed ThisFiasco's ghost (amateur SpEn)
  4922 | D:4      | Found a radiant altar of Vehumet.
  5102 | D:5      | Entered Level 5 of the Dungeon
  5108 | D:5      | Got a fine zirconium amulet
  5109 | D:5      | Identified the amulet of Wihala {Acrobat Str+3} (You found
                  | it on level 5 of the Dungeon)
  5148 | D:5      | Reached XP level 7. HP: 33/44 MP: 11/11
  5203 | D:5      | Gained mutation: You are weak. (Str -2) [potion of
                  | mutation]
  5203 | D:5      | Gained mutation: You are resistant to hostile enchantments.
                  | (MR+) [potion of mutation]
  5422 | D:5      | Reached skill level 5 in Unarmed Combat
  5592 | D:5      | Reached XP level 8. HP: 29/51 MP: 8/13
  5624 | D:5      | Found a burning altar of Makhleb.
  5974 | D:5      | Found an opulent altar of Gozag.
  6052 | D:5      | Found Tiekkust's Weapon Shoppe.
  6821 | D:6      | Found a sacrificial altar of Ru.
  6853 | D:5      | Reached skill level 6 in Unarmed Combat
  7004 | D:6      | Reached skill level 5 in Transmutations
  7006 | D:6      | Reached skill level 5 in Dodging
  7012 | D:6      | Reached XP level 9. HP: 49/55 MP: 13/16
  7116 | D:6      | Reached skill level 5 in Spellcasting
  7254 | D:6      | Found a staircase to the Ecumenical Temple.
  7279 | Temple   | Entered the Ecumenical Temple
  7374 | Temple   | Became a worshipper of Warmaster Okawaru
  7427 | D:6      | Reached skill level 7 in Unarmed Combat
  7446 | D:6      | Found an opulent altar of Gozag.
  7723 | D:7      | Lost mutation: You are weak. (Str -2) [potion of mutation]
  7723 | D:7      | Lost mutation: You are resistant to hostile enchantments.
                  | (MR+) [potion of mutation]
  7723 | D:7      | Gained mutation: Your body sometimes deteriorates upon
                  | taking damage. [potion of mutation]
  7723 | D:7      | Gained mutation: Your muscles are strong. (Str +2) [potion
                  | of mutation]
  7723 | D:7      | Gained mutation: Potions are less effective at restoring
                  | your health. [potion of mutation]
  7723 | D:7      | Gained mutation: Your skin blends seamlessly with your
                  | surroundings (Stealth++). [potion of mutation]
  7755 | D:7      | Found an ornate altar of the Wu Jian Council.
  7783 | D:7      | Reached * piety under Okawaru
  8013 | D:7      | Found Moargh's Gadget Emporium.
  8212 | D:8      | Noticed Joseph
  8214 | D:8      | Noticed a gargoyle
  8220 | D:8      | Killed Joseph
  8220 | D:8      | Reached skill level 1 in Invocations
  8232 | D:7      | Reached skill level 8 in Unarmed Combat
  8450 | D:7      | Learned a level 5 spell: Blade Hands
  8457 | D:8      | Noticed Gastronok
  8460 | D:8      | Found Cohoripp's Weapon Shoppe.
  8489 | D:8      | Reached ** piety under Okawaru
  8496 | D:8      | Noticed Grum
  8504 | D:8      | Reached XP level 10. HP: 33/63 MP: 14/18
  8533 | D:8      | HP: 3/63 [Grum/-2 spear (18)]
  8567 | D:8      | Killed Grum
  8810 | D:8      | Killed a gargoyle
  9186 | D:8      | Learned a level 4 spell: Ice Form
  9293 | D:8      | Killed Gastronok
  9293 | D:8      | Reached *** piety under Okawaru
  9293 | D:8      | Reached skill level 5 in Fighting
  9293 | D:8      | Reached skill level 9 in Unarmed Combat
  9855 | D:8      | Reached **** piety under Okawaru
  9917 | D:8      | Found a bloodstained altar of Trog.
 10036 | D:9      | Reached XP level 11. HP: 72/72 MP: 16/20
 10043 | D:9      | Reached skill level 10 in Unarmed Combat
 10109 | D:9      | Found a staircase to the Lair.
 10779 | D:10     | Entered Level 10 of the Dungeon
 10798 | D:10     | Received a gift from Okawaru
 11527 | D:10     | Noticed a wizard
 11538 | D:10     | Killed a wizard
 11782 | D:10     | Identified the Papyrus of Aerial Sinister Arts
 11787 | D:10     | Learned a level 2 spell: Swiftness
 11819 | D:10     | Noticed a wizard
 11832 | D:10     | Killed a wizard
 11832 | D:10     | Reached ***** piety under Okawaru
 11832 | D:10     | Reached skill level 11 in Unarmed Combat
 11836 | D:10     | Noticed a wizard
 11841 | D:10     | Paralysed by a wizard for 2 turns
 11843 | D:10     | Noticed Nergalle
 11847 | D:10     | Killed a wizard
 11848 | D:10     | Noticed a spectral orc warlord
 11856 | D:10     | Killed Nergalle
 12064 | D:10     | Found a runed translucent door.
 12067 | D:10     | Identified the +2 trident of Resourcefulness {holy, rC+ rN+
                  | Str+3}
 12067 | D:10     | Noticed a spriggan rider
 12070 | D:10     | Noticed RadicalHijinx's ghost (novice VSAs)
 12099 | D:10     | Noticed a wizard
 12110 | D:10     | Killed a wizard
 12135 | D:10     | Found the +3 warlock's mirror {reflect}
 12137 | D:10     | Noticed a wizard
 12146 | D:10     | Killed a wizard
 12152 | D:10     | Lost mutation: Potions are less effective at restoring your
                  | health. [potion of mutation]
 12152 | D:10     | Lost mutation: Your body sometimes deteriorates upon taking
                  | damage. [potion of mutation]
 12152 | D:10     | Gained mutation: One of your tentacles bears a spike.
                  | [potion of mutation]
 12152 | D:10     | Gained mutation: You expend magic power (3 MP) to
                  | strengthen your wands. [potion of mutation]
 12507 | D:11     | Received a gift from Okawaru
 12507 | D:11     | Reached XP level 12. HP: 80/80 MP: 22/22
 12868 | D:11     | Found a gate leading to a gauntlet.
 12877 | Gauntlet | Entered a Gauntlet
 12877 | Gauntlet | Found a transporter.
 12877 | Gauntlet | Found a transporter.
 12877 | Gauntlet | Noticed a blizzard demon
 12878 | Gauntlet | Found a transporter.
 12878 | Gauntlet | Found a transporter.
 12881 | Gauntlet | Found a transporter.
 12892 | Gauntlet | Found a transporter.
 12898 | Gauntlet | Found a transporter.
 12900 | Gauntlet | Found a transporter.
 12915 | Gauntlet | Found a transporter.
 12924 | Gauntlet | Noticed a minotaur
 12935 | Gauntlet | Found a transporter.
 12960 | Gauntlet | Found a transporter.
 13034 | Gauntlet | Found a transporter.
 13170 | Gauntlet | Lost mutation: One of your tentacles bears a spike. [potion
                  | of mutation]
 13170 | Gauntlet | Lost mutation: Your muscles are strong. (Str +2) [potion of
                  | mutation]
 13170 | Gauntlet | Gained mutation: You are weak. (Str -2) [potion of
                  | mutation]
 13170 | Gauntlet | Gained mutation: You have very sharp teeth. [potion of
                  | mutation]
 13452 | Gauntlet | Reached skill level 1 in Shields
 13472 | Gauntlet | Reached skill level 12 in Unarmed Combat
 14142 | Gauntlet | Identified the +8 triple crossbow of Compound Interest
                  | {elec, Str+4 Dex+2}
 15483 | D:11     | Reached skill level 13 in Unarmed Combat
 15698 | D:11     | Found a runed translucent door.
 15698 | D:11     | Noticed RoseComp's ghost (journeyman KoGl)
 15911 | D:11     | Reached skill level 5 in Ice Magic
 16533 | D:11     | Received a gift from Okawaru
 16533 | D:11     | Reached XP level 13. HP: 51/88 MP: 21/24
 17062 | D:12     | Reached skill level 5 in Invocations
 17072 | D:12     | HP: 1/88 [white ugly thing (10)]
 18076 | D:12     | Identified the +5 scale mail of Light {+Fly}
 18535 | D:12     | Found a staircase to the Orcish Mines.
 20746 | D:14     | Reached skill level 14 in Unarmed Combat
 20746 | D:14     | Noticed Kirke
 20757 | D:14     | Killed Kirke
 20757 | D:14     | Reached skill level 1 in Charms
 20757 | D:14     | Reached skill level 1 in Air Magic
 20757 | D:14     | Reached XP level 14. HP: 53/95 MP: 22/26
 20934 | D:14     | Found a portal to a secret trove of treasure.
 20988 | D:14     | Found a glowing golden altar of the Shining One.
 21040 | D:14     | Received a gift from Okawaru
 21103 | D:14     | Shot with an arrow by a centaur warrior

Skill      XL: |  1  2  3  4  5  6  7  8  9 10 11 12 13 |
---------------+----------------------------------------+-----
Poison Magic   | 1 2 3 4 |  4.2
Unarmed Combat | 4 5 6 8 9 11 13 14 | 14.2
Spellcasting   | 3 4 5 6 7 8 |  8.4
Dodging        | 3 4 5 6 |  6.5
Transmutations | 3 5 6 8 9 |  9.3
Fighting       | 2 4 5 6 7 8 |  8.9
Invocations    | 2 4 6 |  6.1
Ice Magic      | 2 4 5 6 |  6.5
Shields        | 3 4 |  4.0
Charms         | 1 |  1.7
Air Magic      | 1 |  1.8
Stealth        | |  0.1

Action                   |  1- 3 |  4- 6 |  7- 9 | 10-12 | 13-15 || total
-------------------------+-------+-------+-------+-------+-------++-------
Melee: Unarmed           |    60 |       |   309 |   612 |   403 ||  1384
       Constrict         |    25 |    35 |    32 |    35 |     7 ||   134
       Tentacles         |     7 |    25 |    48 |    44 |     6 ||   130
       Punch             |     3 |     5 |     5 |    18 |     2 ||    33
       Kick              |     2 |       |     9 |    35 |     4 ||    50
       Short sword       |    29 |   131 |    38 |       |       ||   198
       Bite              |       |       |       |    11 |     3 ||    14
 Cast: Beastly Appendage |     2 |       |     6 |    11 |     4 ||    23
       Sticks to Snakes  |       |       |     8 |       |     7 ||    15
       Spider Form       |       |       |    17 |    22 |    11 ||    50
       Ice Form          |       |       |       |    15 |    14 ||    29
       Blade Hands       |       |       |       |     7 |     1 ||     8
Invok: Heroism           |       |       |     1 |    12 |     5 ||    18
       Finesse           |       |       |       |     1 |     3 ||     4
  Use: Scroll            |       |       |    10 |    10 |     2 ||    22
       Potion            |       |       |     2 |     7 |     4 ||    13
 Stab: Sleeping          |     8 |     7 |    11 |    18 |     2 ||    46
       Distracted        |       |       |     1 |       |     1 ||     2
       Invisible         |       |       |       |     1 |       ||     1
       Petrified         |       |       |       |       |     4 ||     4
       Petrifying        |       |       |       |       |     1 ||     1
  Eat: Chunk             |     3 |     8 |    11 |    21 |     6 ||    49
       Ration            |       |     1 |       |     5 |     3 ||     9
Armor: Skin              |    19 |    28 |    48 |   105 |    72 ||   272
Dodge: Dodged            |    55 |   104 |   322 |   471 |   217 ||  1169
Block: Other             |       |       |       |    20 |    11 ||    31
       Reflection        |       |       |       |     5 |     5 ||    10
       Buckler           |       |       |       |    31 |    12 ||    43
